 Dungeon Crawl Stone Soup version 0.29-a0-23-ga79f92ac9c (webtiles) character file.

Game seed: 12288543594489654905

427 HallandMoats the Ruffian (level 6, -9/56 HPs)
             Began as a Ghoul Monk on Jan 31, 2022.
             Was an Elder of Nemelex Xobeh.
             Mangled by a chaos spawn (12 damage)
             ... summoned by the player character
             ... on level 4 of the Dungeon.
             The game lasted 00:04:29 (3117 turns).

HallandMoats the Ruffian (Ghoul Monk)               Turns: 3117, Time: 00:04:30

Health: -9/56      AC:  8    Str: 15    XL:     6   Next: 97%
Magic:  5/7        EV: 10    Int:  5    God:    Nemelex Xobeh [****..]
Gold:   159        SH:  0    Dex: 13    Spells: 5/5 levels left

rFire   + + .      SeeInvis .     - Unarmed
rCold   + . .      Faith    .   (no shield)
rNeg    + + +      Spirit   .   o - +0 scale mail
rPois   ∞          Reflect  .   (no helmet)
rElec   .          Harm     .   e - +0 cloak
rCorr   .          Rampage  .   (no gloves)
Will    .....                   a - +0 pair of boots
Stlth   +.........              (no amulet)
HPRegen 0.00/turn               f - ring of protection from fire
MPRegen 0.10/turn               i - ring of protection from fire

@: inhibited regen
A: claws 1, cold resistance 1, negative energy resistance 3, inhibited
regeneration, torment resistance 2
a: Renounce Religion, Draw Escape, Draw Destruction, Draw Summoning, Triple
Draw, Deal Four


You were on level 4 of the Dungeon.
You worshipped Nemelex Xobeh.
Nemelex Xobeh was greatly pleased with you.
You visited 1 branch of the dungeon, and saw 4 of its levels.

You collected 159 gold pieces.

Inventory:

Armour
 a - a +0 pair of boots (worn)
 e - a +0 cloak (worn)
 o - a +0 scale mail (worn)
Jewellery
 f - a ring of protection from fire (left claw)
 i - a ring of protection from fire (right claw)
Scrolls
 b - 3 scrolls of identify {unknown}
 c - 3 scrolls of blinking {unknown}
 h - 3 scrolls of teleportation {unknown}
 j - 2 scrolls of enchant armour {unknown}
 k - a scroll of enchant weapon {unknown}
 n - 3 scrolls of magic mapping {unknown}
 p - a scroll of fear {unknown}
 q - a scroll of fog {unknown}
Potions
 d - a potion of magic {unknown}
 g - 3 potions of curing {unknown}
 l - a potion of heal wounds {unknown}
 m - a potion of degeneration {unknown}
 r - a potion of mutation {unknown}


   Skills:
 * Level 5.0 Fighting
 + Level 1.7 Armour
 + Level 3.5 Dodging
 - Level 2.1 Stealth
 * Level 5.1 Unarmed Combat
 * Level 3.3 Invocations


You had 5 spell levels left.
You didn't know any spells.
Your spell library was empty.

Dungeon Overview and Level Annotations

Branches:
Dungeon (4/15)
 Temple: D:4-7

Altars:
Elyvilon
Nemelex Xobeh
Ru
Wu Jian

Shops:
D:2 (


Innate Abilities, Weirdness & Mutations

You thrive by killing the living.
You are immune to poison.
You have sharp fingernails.
Your flesh is cold resistant. (rC+)
You are immune to negative energy. (rN+++)
You do not regenerate when monsters are visible.
You are immune to unholy pain and torment.


Message History

The iguana hisses angrily.
You see here a giant cockroach corpse.
You scratch the iguana.
The iguana is lightly wounded.
The iguana bites you.
* * * LOW HITPOINT WARNING * * *
You claw the iguana!
The iguana is severely wounded.
The iguana bites you!
* * * LOW HITPOINT WARNING * * *
You scratch the iguana.
You kill the iguana!
You feel better.
A steam dragon comes into view.
The steam dragon hisses angrily.
You see here an iguana corpse.
You draw... (choose one card, ? for their descriptions) a - Wild Magic b - Vitriol c - Wild Magic You have drawn Vitriol.
Press: ? - help, Shift-Dir - straight line, f - steam dragon
Aim: a steam dragon The glob of acid misses the steam dragon.
The glob of acid hits the wight!!!
The acid corrodes the wight!
You destroy the wight!
Your Fighting skill increases to level 5!
Unknown command.
You draw a card...
You have drawn the Storm.
A fierce wind blows from the card.
The electrical discharge engulfs the steam dragon.
The steam dragon is lightly wounded.
You hear a mighty peal of thunder!
Unknown command.
You draw a card...
You have drawn the Pentagram.
The steam dragon breathes steam at you. The ball of steam hits you! You resist.
* * * LOW HITPOINT WARNING * * *
The chaos spawn hits you!
You die...
Your body glows with a rainbow of weird colours and disappears.

.....)#.....:## ....
...K..........# ....
.gh..#........##...
#.##.##....... ..#
######.##.###.....##.#
+......#......D...#..#
#....<.#.....§§§)#...#
#......#.....§§§.4.).# .
#......#.......h@#...##### ..
#......#........##...##..####...
###+##.##.##....##..............
##..##.##+########..............
..........#.....'......)........
..........#.....##.......##....
..........#.....##.......# .
....##...####'####.......#
....##...###....##.......##


You could see a chaos spawn (summoned, ally target), a steam dragon (catching
breath) and a friendly hell hound (summoned).

Vanquished Creatures
  A centaur (D:4)
  A wight (D:4)
  A hound (D:4)
  A bullfrog skeleton (D:4)
  2 iguanas
  An orc wizard (D:3)
  2 adders
  4 dart slugs
  4 orcs (D:3)
  10 endoplasms
  2 giant cockroaches
  9 goblins
  9 hobgoblins
  3 jackals
  2 quokkas
  5 ball pythons
  5 bats
  2 frilled lizards (D:1)
  9 kobolds
  4 rats
77 creatures vanquished.

Vanquished Creatures (collateral kills)
  A hound (D:4)
  An iguana (D:4)
  A hound skeleton (D:4)
  A giant cockroach (D:4)
  2 goblins (D:4)
6 creatures vanquished.

Vanquished Creatures (others)
  5 plants (D:1)
5 creatures vanquished.

Grand Total: 88 creatures vanquished

Notes
Turn   | Place    | Note
-------+----------+-------------------------------------------
     0 | D:1      | HallandMoats the Ghoul Monk began the quest for the Orb.
     0 | D:1      | Reached XP level 1. HP: 19/19 MP: 0/0
    40 | D:1      | Reached XP level 2. HP: 20/26 MP: 1/1
    41 | D:1      | Found a faded altar of an unknown god.
    50 | D:1      | Prayed at the altar of an unknown god.
    50 | D:1      | Became a worshipper of Nemelex Xobeh the Trickster
    50 | D:1      | Reached * piety under Nemelex Xobeh
    50 | D:1      | Received a gift from Nemelex Xobeh
    50 | D:1      | Received a gift from Nemelex Xobeh
    50 | D:1      | Reached ** piety under Nemelex Xobeh
   252 | D:1      | Reached *** piety under Nemelex Xobeh
   253 | D:1      | Found a sacrificial altar of Ru.
   324 | D:1      | Received a gift from Nemelex Xobeh
   346 | D:1      | Reached XP level 3. HP: 33/33 MP: 2/2
  1033 | D:2      | Reached skill level 1 in Invocations
  1300 | D:2      | Found Enyrchicu's Weapon Boutique.
  2068 | D:2      | Reached XP level 4. HP: 40/40 MP: 3/3
  2218 | D:3      | Reached **** piety under Nemelex Xobeh
  2259 | D:3      | Found an ornate altar of the Wu Jian Council.
  2323 | D:3      | You fall into a shaft and drop 1 floor!
  2344 | D:4      | Reached skill level 1 in Armour
  2483 | D:4      | Noticed a centaur
  2706 | D:3      | Reached XP level 5. HP: 46/46 MP: 5/5
  3085 | D:4      | Reached XP level 6. HP: 25/53 MP: 5/7
  3093 | D:4      | Reached skill level 5 in Unarmed Combat
  3112 | D:4      | Noticed a steam dragon
  3115 | D:4      | Reached skill level 5 in Fighting
  3116 | D:4      | Noticed a chaos spawn
  3117 | D:4      | Mangled by a chaos spawn

Illustrated notes

Levels and vault maps discovered:
D:1:      minmay_arrival_shoal_huts, layout_basic,
          hellmonk_ecumenical_altar_lost_god, serial_bayou_ford_a,
          chequers_serial_rivers_small_a, minmay_hexomino_r4
D:2:      layout_basic, basic_altar, serial_shops, nicolae_shop_behind_doors
D:3:      layout_rooms, nicolae_wu_jian_wuxing_cycle
D:4:      kennysheep_goblin_castle, layout_gridville, minmay_manual_moon

Skill      XL: |  1  2  3  4  5  6 |
---------------+-------------------+-----
Dodging        | 3 |  3.5
Invocations    | 1 2 3 |  3.3
Unarmed Combat | 4 5 |  5.1
Fighting       | 4 5 |  5.0
Armour         | 1 |  1.7
Stealth        | |  2.1

Action                   |  1- 3 |  4- 6 || total
-------------------------+-------+-------++-------
Melee: Unarmed           |   154 |   116 ||   270
       Punch             |     5 |     4 ||     9
Invok: Draw Destruction  |       |     3 ||     3
       Draw Summoning    |       |     2 ||     2
       Triple Draw       |       |     1 ||     1
 Stab: Sleeping          |     1 |       ||     1
Armor: Robe              |    31 |       ||    31
       Scale mail        |       |    83 ||    83
Dodge: Dodged            |    96 |    87 ||   183

Table legend: (Time is in decaauts)
 A = Elapsed time spent in this place.
 B = Non-inter-level travel time spent in this place.
 C = Inter-level travel time spent in this place.
 D = Time resting spent in this place.
 E = Time spent auto-exploring this place.
 F = Levels seen in this place.
 G = Mean time per level.
                   A        B        C        D        E       F      G
               +--------+--------+--------+--------+--------+-----+--------+
         Total |   3124 |   3032 |     92 |      0 |   2439 |   4 |  781.0 |
       Dungeon |   3124 |   3032 |     92 |      0 |   2439 |   4 |  781.0 |
               +--------+--------+--------+--------+--------+-----+--------+

Top non-repeatable levels by time:
     D:2: 1086 daAuts
     D:1: 1028 daAuts
     D:3: 685 daAuts
     D:4: 324 daAuts
